 Dungeon Crawl Stone Soup version 0.29-a0-1047-g7c58e119a4 (webtiles) character file.

Game seed: 17588344381786479830

46 ytrimaz the Insei (level 3, 0/26 HPs)
             Began as a Demonspawn Transmuter on Aug 17, 2022.
             Slain by Sigmund
             ... wielding a +0 scythe
              (5 damage)
             ... on level 2 of the Dungeon.
             The game lasted 00:02:24 (1214 turns).

ytrimaz the Insei (Demonspawn Transmuter)           Turns: 1214, Time: 00:02:25

Health: 0/26       AC:  3    Str:  8 (10) XL:     3   Next: 44%
Magic:  3/6        EV: 12    Int: 15 (16) God:
Gold:   78         SH:  0    Dex: 11 (13) Spells: 3/6 levels left

rFire   . . .      SeeInvis .     - Unarmed
rCold   . . .      Faith    .   (no shield)
rNeg    . . .      Spirit   .   a - +1 robe
rPois   .          Reflect  .   (no helmet)
rElec   .          Harm     .   (no cloak)
rCorr   .          Rampage  .   (no gloves)
Will    .....                   (no boots)
Stlth   +.........              (no amulet)
HPRegen 0.08/turn               (no ring)
MPRegen 0.10/turn               (no ring)

@: wereblooded, hasted, very quick
A: powered by pain 1, sturdy frame 1
a: no special abilities


You were on level 2 of the Dungeon.
You visited 1 branch of the dungeon, and saw 2 of its levels.

You collected 78 gold pieces.

Inventory:

Armour
 a - a +1 robe (worn)
Scrolls
 i - a scroll of amnesia


   Skills:
 - Level 1.0 Fighting
 - Level 1.7 Dodging
 + Level 4.1 Unarmed Combat
 - Level 2.0 Spellcasting
 - Level 1.7 Transmutations


You had 3 spell levels left.
You knew the following spells:

 Your Spells              Type           Power      Damage    Failure   Level
a - Beastly Appendage     Tmut           12%        N/A       11%         1
b - Wereblood             Tmut           6%         N/A       16%         2

Your spell library contained the following spells:

 Spells                   Type           Power      Damage    Failure   Level
 Ensorcelled Hibernation  Hex/Ice        2%         N/A       32%         2
 Spider Form              Tmut/Pois      4%         N/A       43%         3
 Ice Form                 Ice/Tmut       4%         N/A       83%         4
 Anguish                  Hex/Necr       0%         N/A       91%         4


Dungeon Overview and Level Annotations

Branches:
Dungeon (2/15)

Altars:

Shops:
D:1 ::*(*

Annotations:
D:2 Sigmund


Innate Abilities, Weirdness & Mutations

You sometimes gain a little power by taking damage.
Your movements are slightly less encumbered by armour. (ER -2)


Message History

You swing at nothing.
You cannot move.
You cannot move.
You cannot move.
You cannot move.
You swing at nothing.
Sigmund hits you but does no damage.
You swing at nothing.
You swing at nothing.
You feel less wooden.
Your +1 robe unmelds from your body.
You swing at nothing.
Sigmund zaps a wand.
You resist with significant effort.
You swing at nothing.
Sigmund gestures wildly while chanting.
Sigmund flickers and vanishes!
Deactivating autopickup; reactivate with Ctrl-A.
You swing at nothing.
Something hits you.
Things that are here:
a +0 whip; a kobold corpse You miss something.
You hit something but do no damage.
Your primal bloodlust is almost over.
Something hits you.
You closely miss something. You miss something.
Something completely misses you.
You hit something but do no damage. You hit something.
Casting: Wereblood (safe; 16% risk of failure)
Confirm with . or Enter, or press ? or * to list all spells.
You don't know that spell.
Casting: Wereblood (safe; 16% risk of failure)
Confirm with . or Enter, or press ? or * to list all spells.
Your blood is freshly infused with primal strength!
You hear some strange, mumbled words.
A magic dart appears from out of thin air!
The magic dart hits you.
* * * LOW HITPOINT WARNING * * *
You feel as though your hastened speed will last longer.
Something hits you.
You die...

..# #.# .# #.# ...#
##.#### #...# #.....#
#...# #####.....# #...#
#.....)...#####...#####
#{@.$..............
#...................
#.##.#..............
......#.#####...####
#.................#
####..##..####....# #..
#..####....# #..
...#.......####
#.##.##.......##


There were no monsters in sight!

Vanquished Creatures
  An adder (D:2)
  6 endoplasms (D:1)
  3 giant cockroaches
  A goblin (D:1)
  5 hobgoblins (D:1)
  4 jackals (D:1)
  5 kobolds
  2 quokkas
  3 rats (D:1)
30 creatures vanquished.

Notes
Turn   | Place    | Note
-------+----------+-------------------------------------------
     0 | D:1      | ytrimaz the Demonspawn Transmuter began the quest for the
                  | Orb.
     0 | D:1      | Reached XP level 1. HP: 15/15 MP: 3/3
   222 | D:1      | Reached skill level 3 in Unarmed Combat
   323 | D:1      | You fall into a shaft and drop 1 floor!
   355 | D:1      | Gained mutation: You sometimes gain a little power by
                  | taking damage. [demonic ancestry]
   355 | D:1      | Reached XP level 2. HP: 17/21 MP: 1/5
   398 | D:1      | Learned a level 2 spell: Wereblood
   468 | D:1      | Noticed an eye of devastation
   473 | D:1      | Found a faded altar of an unknown god.
   479 | D:1      | Noticed a great orb of eyes
   483 | D:1      | Noticed a golden eye
   483 | D:1      | Noticed a great orb of eyes
   586 | D:1      | Found Quzeubbezo's Weapon Emporium.
   675 | D:1      | Gained mutation: Your movements are slightly less
                  | encumbered by armour. (ER -2) [demonic ancestry]
   675 | D:1      | Reached XP level 3. HP: 20/26 MP: 4/6
   881 | D:1      | Found Zoloolou's Book Boutique.
   884 | D:1      | Found Temow's Book Shoppe.
  1010 | D:1      | Found Keirgh's General Store.
  1073 | D:1      | Found Ikkeh's Assorted Antiques.
  1172 | D:2      | Reached skill level 4 in Unarmed Combat
  1181 | D:2      | Noticed Sigmund
  1214 | D:2      | Slain by Sigmund

Illustrated notes

Levels and vault maps discovered:
D:1:      sevenhm_arrival_forest_fort_large_4, layout_loops_ring, serial_shops,
          nicolae_shop_stone, shop, shop, shop_statue, nicolae_shop_waterfront,
          hellmonk_ecumenical_altar_watching_god
D:2:      layout_loops_cross, uniq_sigmund

Skill      XL: |  1  2  3 |
---------------+----------+-----
Unarmed Combat | 3 4 |  4.1
Fighting       | |  1.0
Dodging        | |  1.7
Spellcasting   | |  2.0
Transmutations | |  1.7

Action                   || total
-------------------------++-------
Melee: Unarmed           ||    79
       Kick              ||    11
       Headbutt          ||    10
       Punch             ||     2
 Cast: Beastly Appendage ||    14
       Wereblood         ||     2
  Use: Potion            ||     6
       Scroll            ||     3
Armor: Robe              ||    13
       Skin              ||    15
Dodge: Dodged            ||    50

Table legend: (Time is in decaauts)
 A = Elapsed time spent in this place.
 B = Non-inter-level travel time spent in this place.
 C = Inter-level travel time spent in this place.
 D = Time resting spent in this place.
 E = Time spent auto-exploring this place.
 F = Levels seen in this place.
 G = Mean time per level.
                   A        B        C        D        E       F      G
               +--------+--------+--------+--------+--------+-----+--------+
         Total |   1197 |   1149 |     48 |     29 |    878 |   2 |  598.5 |
       Dungeon |   1197 |   1149 |     48 |     29 |    878 |   2 |  598.5 |
               +--------+--------+--------+--------+--------+-----+--------+

Top non-repeatable levels by time:
     D:1: 1125 daAuts
     D:2: 72 daAuts
